 Dungeon Crawl Stone Soup version 0.31-a0-795-g5eb97db20b (webtiles) character file.

Game seed: 5281061186278764036

366 Maratek the Magician (level 6, -4/44 HPs)
             Began as a Gnoll Wanderer on Sept 18, 2023.
             Slain by a black bear (6 damage)
             ... on level 4 of the Dungeon.
             The game lasted 00:04:19 (2511 turns).

Maratek the Magician (Gnoll Wanderer)               Turns: 2511, Time: 00:04:20

Health: -4/44      AC: 11    Str: 11    XL:     6   Next: 68%
Magic:  14/14      EV:  3    Int: 14    God:
Gold:   159        SH:  0    Dex: 11    Spells: 14/15 levels left

rFire   . . .        a - +2 spear (heavy)
rCold   . . .        (no shield)
rNeg    . . .        q - +0 plate armour
rPois   .            (no helmet)
rElec   .            d - scarf {repulsion}
rCorr   .            (no gloves)
SInv    .            (no boots)
Will    .....        (no amulet) Stlth
                     (no ring)
HPRegen 0.27/turn    (no ring)
MPRegen 0.14/turn

%: repel missiles
@: no status effects
A: fangs 1, strong nose, distributed training
a: no special abilities


You were on level 4 of the Dungeon.
You visited 1 branch of the dungeon, and saw 4 of its levels.

You collected 159 gold pieces.

Inventory:

Hand Weapons
 a - a +2 heavy spear (weapon)
Armour
 d - a scarf of repulsion (worn)
 q - a +0 plate armour (worn)
Wands
 g - a wand of flame (17)
Scrolls
 f - 4 scrolls of blinking
 h - 2 scrolls of vulnerability
 j - a scroll of fear
 k - a scroll of silence
 l - 2 scrolls of enchant weapon
 p - a scroll of amnesia
Potions
 b - a potion of enlightenment {unknown}
 c - a potion of attraction {unknown}
 e - a potion of brilliance {unknown}
 i - a potion of might {unknown}
 n - 2 potions of heal wounds {unknown}


   Skills:
 + Level 2.1 Fighting
 + Level 2.1 Short Blades
 + Level 2.1 Long Blades
 + Level 2.1 Axes
 + Level 2.1 Maces & Flails
 + Level 5.0 Polearms
 + Level 2.1 Staves
 + Level 2.1 Ranged Weapons
 + Level 2.1 Throwing
 + Level 3.3 Armour
 + Level 3.3 Dodging
 + Level 2.1 Stealth
 + Level 2.1 Shields
 + Level 2.1 Unarmed Combat
 + Level 5.4 Spellcasting
 + Level 1.6 Conjurations
 + Level 1.6 Hexes
 + Level 1.6 Summonings
 + Level 1.6 Necromancy
 + Level 1.6 Translocations
 + Level 1.6 Transmutations
 + Level 1.6 Fire Magic
 + Level 1.6 Ice Magic
 + Level 1.6 Air Magic
 + Level 1.6 Earth Magic
 + Level 4.1 Poison Magic
 + Level 2.3 Invocations
 + Level 5.0 Evocations
 + Level 1.9 Shapeshifting


You had 14 spell levels left.
You knew the following spells:

 Your Spells              Type           Power      Damage    Failure   Level
a - Sting                 Tmut/Pois      48%        1d5       100%        1

Your spell library contained the following spells:

 Spells                   Type           Power      Damage    Failure   Level
 Freeze                   Ice            32%        1d5       100%        1
 Frozen Ramparts          Ice            16%        1d3       100%        3
 Hailstorm                Conj/Ice       8%         3d4       100%        3
 Ignite Poison            Fire/Tmut/Pois 10%        N/A       100%        3


Dungeon Overview and Level Annotations

Branches:
Dungeon (4/15)
 Temple: D:4-7

Altars:


Innate Abilities, Weirdness & Mutations

You have very sharp teeth.
Your uncanny sense of smell can sniff out nearby items.
Your experience applies equally to all skills.


Message History

The black bear bites you but does no damage.
The black bear claws you.
The black bear claws you but does no damage.
The black bear bites you but does no damage.
The black bear claws you.
The black bear claws you but does no damage.
You puncture the black bear!
The black bear is moderately wounded.
The black bear bites you but does no damage.
The black bear claws you but does no damage.
The black bear claws you.
You puncture the black bear!
The black bear is severely wounded.
The black bear bites you but does no damage.
The black bear claws you but does no damage.
The black bear barely misses you.
The quokka bites you but does no damage.
You barely miss the black bear.
The black bear is severely wounded.
The quokka bites you.
The black bear goes berserk!
The quokka bites you but does no damage.
The black bear bites you but does no damage.
The black bear claws you but does no damage. x2
You barely miss the black bear.
The black bear is severely wounded.
The black bear bites you but does no damage.
The black bear barely misses you. The black bear claws you.
The quokka bites you.
You hit the black bear.
The black bear is almost dead.
The black bear bites you! The black bear claws you. x2
* * * LOW HITPOINT WARNING * * *
The quokka bites you.
* * * LOW HITPOINT WARNING * * *
The black bear bites you.
* * * LOW HITPOINT WARNING * * *
The black bear claws you.
* * * LOW HITPOINT WARNING * * *
The black bear claws you.
You die...

..♣♣♣.....P♣§♣♣♣♣..♣......P##.#.#
#..♣♣♣....♣§♣§♣♣..PP.###..PP..#..
#♣.P...††♣§♣♣♣P§♣P♣..# #.P.P....#
#♣♣♣♣.....♣♣.P♣♣.♣P..#+#...P# #.#
# ♣P........♣..P..........P.# #..
♣.♣.###...♣.PP.........P..## #..
.♣.. #....♣P....8.......P.###.>
.P♣ #.......h...........)..#.) ..
..)..P. ♣@.8....♣..#.#.... ∆ ...
♣r.P[.♣..♣...###.#
#....♣..[♣♣♣.♣♣.## #..
..#...♣.....♣♣.[♣# ###
.....♣♣P♣P...P..♣ ......
♣♣P.♣♣..♣♣♣ ∆.#+#.....♣...P♣.♣
∆#...P♣♣♣.P.♣♣♣ #.P.♣ ♣♣P♣..#


You could see a black bear (berserk) and a quokka.

Vanquished Creatures
  Grinder (D:3)
  A hound (D:4)
  2 orc priests (D:4)
  A gnoll (D:4)
  3 adder zombies (D:2)
  An adder skeleton (D:2)
  A worm (D:2)
  A dart slug (D:3)
  5 orcs
  5 ball pythons
  An endoplasm (D:2)
  3 giant cockroaches
  2 goblins
  3 hobgoblins
  3 jackals (D:2)
  2 quokkas
  7 bats
  A frilled lizard (D:2)
  7 kobolds
  8 rats
58 creatures vanquished.

Notes
Turn   | Place    | Note
-------+----------+-------------------------------------------
     0 | D:1      | Maratek the Gnoll Wanderer began the quest for the Orb.
     0 | D:1      | Maratek set off with the following items: a +2 spear, a +0
                  | scale mail, a potion of haste; and the following spell
                  | memorised: Sting; and the following spells available to
                  | memorise: Ignite Poison.
     0 | D:1      | Reached XP level 1. HP: 13/13 MP: 6/6
   212 | D:1      | Reached XP level 2. HP: 19/19 MP: 7/7
   868 | D:2      | Reached XP level 3. HP: 25/25 MP: 9/9
   880 | D:2      | Reached skill level 5 in Spellcasting
   950 | D:2      | Reached skill level 1 in Invocations
  1081 | D:2      | Reached skill level 1 in Fighting
  1081 | D:2      | Reached skill level 1 in Short Blades
  1081 | D:2      | Reached skill level 1 in Long Blades
  1081 | D:2      | Reached skill level 1 in Axes
  1081 | D:2      | Reached skill level 1 in Maces & Flails
  1081 | D:2      | Reached skill level 1 in Staves
  1081 | D:2      | Reached skill level 1 in Ranged Weapons
  1081 | D:2      | Reached skill level 1 in Throwing
  1081 | D:2      | Reached skill level 1 in Stealth
  1081 | D:2      | Reached skill level 1 in Shields
  1081 | D:2      | Reached skill level 1 in Unarmed Combat
  1526 | D:3      | Noticed Grinder
  1552 | D:3      | Killed Grinder
  1553 | D:3      | Reached skill level 1 in Conjurations
  1553 | D:3      | Reached skill level 1 in Hexes
  1553 | D:3      | Reached skill level 1 in Summonings
  1553 | D:3      | Reached skill level 1 in Necromancy
  1553 | D:3      | Reached skill level 1 in Translocations
  1553 | D:3      | Reached skill level 1 in Transmutations
  1553 | D:3      | Reached skill level 1 in Fire Magic
  1553 | D:3      | Reached skill level 1 in Ice Magic
  1553 | D:3      | Reached skill level 1 in Air Magic
  1553 | D:3      | Reached skill level 1 in Earth Magic
  1553 | D:3      | Reached skill level 1 in Shapeshifting
  1553 | D:3      | Reached XP level 4. HP: 4/33 MP: 11/11
  1553 | D:3      | Reached XP level 5. HP: 4/38 MP: 12/12
  1553 | D:3      | Reached XP level 6. HP: 5/44 MP: 13/13
  2262 | D:4      | Reached skill level 5 in Polearms
  2262 | D:4      | Reached skill level 5 in Evocations
  2503 | D:4      | Noticed a black bear
  2511 | D:4      | HP: 2/44 [black bear (1)]
  2511 | D:4      | Slain by a black bear

Illustrated notes

Levels and vault maps discovered:
D:1:      spicycebolla_green_bress_n_ham_2, layout_basic, moated_statue,
          nicolae_figureground_sparkle
D:2:      layout_basic, serial_undead, serial_undead_d, serial_undead_c,
          serial_undead_e, serial_undead_b, minmay_ruptured
D:3:      layout_rooms, serial_bayou_crossing, uniq_grinder
D:4:      wad_woods_settlement, layout_basic

Skill      XL: |  1  2  3  4  5  6 |
---------------+-------------------+-----
Spellcasting   | 5 |  5.4
Invocations    | 2 |  2.3
Fighting       | 1 2 |  2.1
Short Blades   | 1 2 |  2.1
Long Blades    | 1 2 |  2.1
Axes           | 1 2 |  2.1
Maces & Flails | 1 2 |  2.1
Staves         | 1 2 |  2.1
Ranged Weapons | 1 2 |  2.1
Throwing       | 1 2 |  2.1
Stealth        | 1 2 |  2.1
Shields        | 1 2 |  2.1
Unarmed Combat | 1 2 |  2.1
Armour         | 3 |  3.3
Dodging        | 3 |  3.3
Conjurations   | 1 |  1.6
Hexes          | 1 |  1.6
Summonings     | 1 |  1.6
Necromancy     | 1 |  1.6
Translocations | 1 |  1.6
Transmutations | 1 |  1.6
Fire Magic     | 1 |  1.6
Ice Magic      | 1 |  1.6
Air Magic      | 1 |  1.6
Earth Magic    | 1 |  1.6
Poison Magic   | 4 |  4.1
Shapeshifting  | 1 |  1.9
Polearms       | 5 |  5.0
Evocations     | 5 |  5.0

Action                     |  1- 3 |  4- 6 || total
---------------------------+-------+-------++-------
  Melee: Spear             |   151 |    92 ||   243
         Bite              |     7 |    11 ||    18
         Punch             |     3 |       ||     3
    Use: Potion            |     1 |       ||     1
         Scroll            |       |     9 ||     9
 Armour: Scale mail        |    51 |       ||    51
         Plate armour      |    18 |   100 ||   118
  Dodge: Dodged            |    40 |    11 ||    51

Table legend: (Time is in decaauts)
 A = Elapsed time spent in this place.
 B = Non-inter-level travel time spent in this place.
 C = Inter-level travel time spent in this place.
 D = Time resting spent in this place.
 E = Time spent auto-exploring this place.
 F = Levels seen in this place.
 G = Mean time per level.
                   A        B        C        D        E       F      G
               +--------+--------+--------+--------+--------+-----+--------+
         Total |   2473 |   2412 |     61 |    246 |   1750 |   4 |  618.2 |
       Dungeon |   2473 |   2412 |     61 |    246 |   1750 |   4 |  618.2 |
               +--------+--------+--------+--------+--------+-----+--------+

Top non-repeatable levels by time:
     D:3: 794 daAuts
     D:2: 753 daAuts
     D:1: 663 daAuts
     D:4: 262 daAuts
